 Dungeon Crawl Stone Soup version 0.22.2-1-ge965b3aba3 (webtiles) character file.

189 theanonym the Cutter (level 5, -1/39 HPs)
             Began as a Mummy Enchanter on Aug 31, 2021.
             Slain by a hobgoblin
             ... wielding a +0 mace
             ... led by Robin
              (5 damage)
             ... on level 2 of the Dungeon.
             The game lasted 00:05:31 (4425 turns).

theanonym the Cutter (Mummy Enchanter)              Turns: 4425, Time: 00:05:32

Health: -1/39      AC:  5    Str: 13    XL:     5   Next: 40%
Magic:  9/9        EV: 11    Int: 14    God:
Gold:   118        SH:  0    Dex: 12    Spells: 8/9 levels left

rFire    x . .     SeeInvis +   a - +1 dagger
rCold    + . .     Gourm    .   (no shield)
rNeg     + + +     Faith    .   e - +0 leather armour
rPois    ∞         Spirit   .   j - +0 hat
rElec    .         Reflect  .   k - +0 cloak
rCorr    .         Harm     .   b - +0 pair of gloves
MR       .....                  (no boots)
Stlth    ++........             (no amulet)
HPRegen  0.13/turn              d - ring of see invisible
MPRegen  0.11/turn              (no ring)

@: no status effects
A: no food or potions, fire vulnerability, cold resistance 1, negative energy
resistance 3, torment resistance, unbreathing
a: no special abilities


Innate Abilities, Weirdness & Mutations

You do not eat or drink.
Your flesh is vulnerable to fire.
You are immune to poison.
Your flesh is cold resistant. (rC+)
You are immune to negative energy. (rN+++)
You are immune to unholy pain and torment.
You can survive without breathing.


   Skills:
 + Level 2.7 Fighting
 * Level 3.6 Short Blades
 - Level 1.5 Dodging
 - Level 2.4 Stealth
 - Level 2.6 Spellcasting
 - Level 2.6 Hexes


You had 8 spell levels left.
You knew the following spells:

 Your Spells              Type           Power        Failure   Level  Hunger
a - Corona                Hex            #......      10%         1    N/A

Your spell library contained the following spells:

 Spells                   Type           Power        Failure   Level  Hunger
 Ensorcelled Hibernation  Hex/Ice        #.....       24%         2    N/A
 Confuse                  Hex            #.......     28%         3    N/A
 Tukima's Dance           Hex            #.......     28%         3    N/A
 Dazzling Spray           Conj/Hex       #.....       43%         3    N/A

Skill      XL: |  1  2  3  4 |
---------------+-------------+-----
Short Blades   | 1 2 3 |  3.6
Fighting       | 1 2 |  2.7
Dodging        | |  1.5
Stealth        | |  2.4
Spellcasting   | |  2.6
Hexes          | |  2.6

Action                   |  1- 3 |  4- 6 || total
-------------------------+-------+-------++-------
Melee: Dagger            |   149 |   253 ||   402
  Use: Scroll            |       |     6 ||     6
 Stab: Sleeping          |     5 |       ||     5
       Distracted        |       |     1 ||     1
Armor: Robe              |     9 |       ||     9
       Leather armour    |    28 |    69 ||    97
Dodge: Dodged            |    94 |   153 ||   247

Inventory:

Hand Weapons
 a - a +1 dagger (weapon)
Armour
 b - a +0 pair of gloves (worn)
   (You found it on level 3 of the Dungeon)
 e - a +0 leather armour (worn)
   (You found it on level 1 of the Dungeon)
 j - a +0 hat (worn)
   (You found it on level 2 of the Dungeon)
 k - a +0 cloak (worn)
   (You found it on level 2 of the Dungeon)
Jewellery
 d - a ring of see invisible (left hand)
   (You found it on level 1 of the Dungeon)
Scrolls
 f - a scroll of fog
 g - 3 scrolls of immolation
 y - 2 scrolls of magic mapping


You were on level 2 of the Dungeon.
You were not hungry.

You visited 1 branch of the dungeon, and saw 3 of its levels.

You collected 118 gold pieces.

Dungeon Overview and Level Annotations

Branches:
Dungeon (3/15)

Altars:
Cheibriados
Elyvilon
Uskayaw

Annotations:
D:1 1 runed door, Terence
D:3 Robin

..# #...<.#
#.#######.....#
..............#
#.#####.###.###
#.# ##.# #.# #.#
##..###.######
..###..#..)......#
..#...##.......!)#
#..............g@#
##!####........).#
##.# ##.........#
#..# #.........#
#.## #.........#
..# #.........#
.## #.........# ##
###########


You could see a hobgoblin.

Notes
Turn   | Place    | Note
-------+----------+-------------------------------------------
     0 | D:1      | theanonym the Mummy Enchanter began the quest for the Orb.
     0 | D:1      | Reached XP level 1. HP: 13/13 MP: 4/4
     1 | D:1      | Found a runed door.
     8 | D:1      | Reached skill level 1 in Short Blades
   223 | D:1      | HP: 3/14 [hobgoblin (5)]
   226 | D:1      | HP: 1/14 [hobgoblin (2)]
   555 | D:1      | Reached XP level 2. HP: 14/20 MP: 5/5
   666 | D:1      | HP: 10/20 [rat (2)]
   671 | D:1      | HP: 3/20 [goblin/club (3)]
   673 | D:1      | HP: 1/20 [goblin/club (2)]
  1011 | D:1      | Reached skill level 1 in Fighting
  1237 | D:1      | Reached skill level 2 in Short Blades
  1306 | D:1      | Reached XP level 3. HP: 26/26 MP: 7/7
  1555 | D:2      | HP: 12/26 [adder (5)]
  1568 | D:2      | HP: 13/27 [kobold (1)]
  1790 | D:2      | HP: 11/27 [adder (3)]
  1795 | D:2      | HP: 5/27 [adder (2)]
  1798 | D:2      | Reached XP level 4. HP: 5/33 MP: 8/8
  1800 | D:2      | HP: 4/33 [rat (1)]
  1801 | D:2      | Reached skill level 2 in Fighting
  2417 | D:2      | Noticed Terence
  2450 | D:2      | HP: 14/33 [Terence/mace (4)]
  2758 | D:2      | Reached skill level 3 in Short Blades
  3078 | D:3      | Noticed Robin
  3533 | D:2      | HP: 14/34 [worm (8)]
  3537 | D:2      | HP: 5/34 [worm (10)]
  3539 | D:2      | HP: 1/34 [worm (4)]
  3566 | D:1      | HP: 2/34 [Terence/mace (2)]
  4018 | D:3      | Reached XP level 5. HP: 37/39 MP: 9/9
  4035 | D:3      | Found a snail-covered altar of Cheibriados.
  4042 | D:3      | Found a hide-covered altar of Uskayaw.
  4046 | D:3      | Found a white marble altar of Elyvilon.
  4058 | D:3      | HP: 19/39 [adder (2)]
  4063 | D:3      | HP: 10/39 [adder (2)]
  4068 | D:3      | HP: 6/39 [adder (2)]
  4323 | D:3      | Noticed Jessica
  4335 | D:3      | Killed Jessica
  4420 | D:2      | HP: 10/39 [hobgoblin/mace[Robin] (10)]
  4423 | D:2      | HP: 3/39 [hobgoblin/mace[Robin] (4)]
  4425 | D:2      | Slain by a hobgoblin

Vanquished Creatures
  Jessica (D:3)
  8 adders
  A worm (D:2)
  4 dart slugs
  A leopard gecko (D:1)
  An orc (D:2)
  6 giant cockroaches
  14 goblins
  12 hobgoblins
  2 jackals
  7 kobolds
  3 quokkas
  8 bats
  A frilled lizard (D:3)
  9 rats
78 creatures vanquished.

Table legend:
 A = Turns spent in this place as a percentage of turns spent in the entire game.
 B = Non-inter-level travel turns spent in this place as a percentage of non-inter-level travel turns spent in the entire game.
 C = Inter-level travel turns spent in this place as a percentage of turns spent in this place.
 D = Turns resting spent in this place as a percentage of non-inter-level travel turns spent in this place.
 E = Turns spent auto-exploring this place as a percentage of non-inter-level travel turns spent in this place.
 F = Non-inter-level travel turns spent in this place divided by the number of levels of this place that you've seen.
                   A       B       C       D       E      F
               +-------+-------+-------+-------+-------+----------------------
         Total | 100.0 | 100.0 |   3.3 |  59.2 |  19.3 | 1425.7
       Dungeon | 100.0 | 100.0 |   3.3 |  59.2 |  19.3 | 1425.7
               +-------+-------+-------+-------+-------+----------------------
